 Dungeon Crawl Stone Soup version 0.27-a0-334-g52645efa06 (webtiles) character file.

Game seed: 3422823758886341389

49 inc the Changer (level 3, 15/15 HPs)
             Began as a Felid Transmuter on Feb 13, 2021.
             Quit the game on level 3 of the Dungeon.
             The game lasted 00:04:27 (3291 turns).

inc the Changer (Felid Transmuter)                  Turns: 3291, Time: 00:04:28

Health: 15/15      AC:  1    Str:  6    XL:     3   Next: 53%
Magic:  7/7        EV: 18    Int: 14    God:
Gold:   48         SH:  0    Dex: 17    Spells: 3/6 levels left
                                        Lives:  0   Deaths: 1

rFire    . . .     SeeInvis +     - Unarmed
rCold    . . .     Faith    .   (shield unavailable)
rNeg     . . .     Spirit   .   (armour unavailable)
rPois    .         Reflect  .   (helmet unavailable)
rElec    .         Harm     .   (cloak unavailable)
rCorr    .         Rampage  .   (gloves unavailable)
Will     .....                  (boots unavailable)
Stlth    ++........             (no amulet)
HPRegen  0.05/turn              (no ring)
MPRegen  0.10/turn              (no ring)

@: quick
A: very small, no armour, no weapons or thrown items, stealth, claws 1, fangs 3,
see invisible, speed 1, shaggy fur 1, sharp paws
a: no special abilities


You were on level 3 of the Dungeon.
You visited 1 branch of the dungeon, and saw 3 of its levels.

You collected 48 gold pieces.

Inventory:

Scrolls
 a - 3 scrolls of identify {unknown}
 b - a scroll of immolation {unknown}
Potions
 c - a potion of attraction
 d - 3 potions of degeneration


   Skills:
 - Level 1.0 Fighting
 - Level 2.6 Dodging
 + Level 3.0 Unarmed Combat
 - Level 2.0 Spellcasting
 - Level 5.3 Transmutations


You had 3 spell levels left.
You knew the following spells:

 Your Spells              Type           Power        Failure   Level
a - Beastly Appendage     Tmut           32%          2%          1
b - Wereblood             Tmut           16%          4%          2

Your spell library contained the following spells:

 Spells                   Type           Power        Failure   Level
 Passwall                 Tmut/Erth      6%           12%         2
 Spider Form              Tmut/Pois      4%           24%         3
 Swiftness                Air            1%           34%         2
 Blade Hands              Tmut           8%           58%         5
 Ice Form                 Ice/Tmut       8%           63%         4
 Passage of Golubria      Tloc           N/A          93%         4
 Lee's Rapid Deconstruct  Erth           0%           100%        5
 Invisibility             Hex            1%           100%        6


Dungeon Overview and Level Annotations

Branches:
Dungeon (3/15)

Altars:
Ru

Annotations:
D:3 Grinder


Innate Abilities, Weirdness & Mutations

You cannot wear armour.
You are incapable of wielding weapons or throwing items.
Your paws allow you to move quietly. (Stealth)
You have sharp claws.
You have razor-sharp teeth.
You have supernaturally acute eyesight. (SInv)
You cover ground quickly.
You are covered in fur. (AC +1)
Your sharp claws are effective at attacking unaware monsters.


Message History

You feel sick. The orc completely misses you.
You feel sick.
You feel sick.
You feel sick.
You feel sick.
You feel sick.
You feel sick.
Grinder comes into view.
You feel sick.
Grinder shouts!
You barely miss Grinder. You bite Grinder.
Grinder is lightly wounded.
Grinder closely misses you.
Unknown command.
It was a potion of degeneration.
There was something very wrong with that liquid.
You feel weakened.
You feel dopey.
You feel clumsy. Grinder misses you.
It was a potion of attraction.
You feel attractive to monsters.
You feel sick. Grinder closely misses you. The orc is pulled toward you!
It was a potion of resistance.
You feel protected. Grinder gestures at you. Pain shoots through your body!
The orc misses you.
Unknown command.
Grinder hits you but does no damage. The orc is pulled toward you!
You feel sick.
Grinder blinks!
Grinder is pulled toward you!
Grinder blinks!
The orc is pulled toward you! Grinder is pulled toward you!
The orc throws a boomerang.
The boomerang barely misses you. The orc is pulled toward you!
Grinder is pulled toward you!
Found an escape hatch in the floor.
Grinder is pulled toward you!
The orc throws a boomerang.
The boomerang hits you.
You die...
Grinder is pulled toward you!
You are now level 3!
You rejoin the land of the living...
Are you sure you want to abandon this character and quit the game? (Confirm with "yes".)

########## #### .....#... ..#
#... ####.##.# #.# #.##
#.##.####.# #.# #.......#.# #.#
# ####.##.#.# #.# ........##.#.#
#.#
##.#######.#.#################.#
..........>.....@........†..#<.#
##.#####.#.#.##############.####
......##.#.#.# #######.#####
......##.#.#.# .............
......##.#.#.# #######.#####
.......#.#.#(# #.#
.......#.....# #.#
.......#.....# #.#
.............# #.#


There were no monsters in sight!

Vanquished Creatures
  Robin (D:2)
  An adder (D:2)
  An ooze (D:2)
  An adder skeleton (D:2)
  A worm (D:2)
  A dart slug (D:1)
  2 leopard geckos
  4 orcs (D:3)
  8 bats
  2 giant cockroaches
  16 goblins
  4 hobgoblins (D:2)
  8 jackals
  A frilled lizard (D:2)
  3 kobolds
  7 rats
61 creatures vanquished.

Notes
Turn   | Place    | Note
-------+----------+-------------------------------------------
     0 | D:1      | inc the Felid Transmuter began the quest for the Orb.
     0 | D:1      | Reached XP level 1. HP: 9/9 MP: 4/4
   141 | D:1      | Reached skill level 3 in Transmutations
   141 | D:1      | Reached XP level 2. HP: 5/12 MP: 6/6
   810 | D:1      | Reached XP level 3. HP: 6/15 MP: 5/7
  1099 | D:2      | Noticed Robin
  1117 | D:2      | Reached skill level 4 in Transmutations
  1126 | D:2      | Learned a level 2 spell: Wereblood
  1152 | D:2      | Killed Robin
  1549 | D:2      | Reached XP level 4. HP: 13/19 MP: 5/8
  1713 | D:2      | Found a sacrificial altar of Ru.
  2098 | D:2      | Reached skill level 5 in Transmutations
  3276 | D:3      | Noticed Grinder
  3290 | D:3      | Hit by a boomerang thrown by an orc
  3291 | D:3      | Reached XP level 3. HP: -1/15 MP: 7/7
  3291 | D:3      | Quit the game

Illustrated notes

Levels and vault maps discovered:
D:1:      dpeg_arrival_tiny_j, layout_rooms, st_stairs_1
D:2:      layout_loops_ring, old_standard_altar, uniq_robin
D:3:      layout_basic, uniq_grinder

Skill      XL: |  1  2  3  4 |
---------------+-------------+-----
Transmutations | 3 4 5 |  5.3
Fighting       | |  1.0
Dodging        | |  2.6
Unarmed Combat | |  3.0
Spellcasting   | |  2.0

Action                   |  1- 3 |  4- 6 || total
-------------------------+-------+-------++-------
Melee: Unarmed           |   118 |    74 ||   192
       Bite              |    10 |     8 ||    18
       Headbutt          |     6 |     3 ||     9
       Punch             |     2 |     2 ||     4
 Cast: Beastly Appendage |     7 |     3 ||    10
       Wereblood         |     3 |     5 ||     8
  Use: Potion            |       |     3 ||     3
 Stab: Sleeping          |       |     1 ||     1
Armor: Skin              |    13 |     3 ||    16
Dodge: Dodged            |   113 |    53 ||   166

Table legend: (Time is in decaauts)
 A = Elapsed time spent in this place.
 B = Non-inter-level travel time spent in this place.
 C = Inter-level travel time spent in this place.
 D = Time resting spent in this place.
 E = Time spent auto-exploring this place.
 F = Levels seen in this place.
 G = Mean time per level.
                   A        B        C        D        E       F      G
               +--------+--------+--------+--------+--------+-----+--------+
         Total |   3016 |   2959 |     57 |   1060 |   1403 |   3 | 1005.3 |
       Dungeon |   3016 |   2959 |     57 |   1060 |   1403 |   3 | 1005.3 |
               +--------+--------+--------+--------+--------+-----+--------+

Top non-repeatable levels by time:
     D:1: 1476 daAuts
     D:2: 1063 daAuts
     D:3: 476 daAuts
